 Dungeon Crawl Stone Soup version 0.27.1-4-g1640c2035a (webtiles) character file.

Game seed: 17914068302781815971

5549 jjjjhere the Cleaver (level 10, 0/144 HPs)
             Began as a Minotaur Berserker on Nov 9, 2021.
             Was an Elder of Trog.
             Succumbed to a cane toad's poison
             ... on level 1 of the Lair of Beasts.
             The game lasted 00:12:24 (9827 turns).

jjjjhere the Cleaver (Minotaur Berserker)           Turns: 9827, Time: 00:12:24

Health: 0/144      AC:  9    Str: 21    XL:     10   Next: 44%
Magic:  2/9        EV: 11    Int:  4    God:    Trog [****..]
Gold:   593        SH:  8    Dex: 14    Spells: 9/9 levels left

rFire    . . .     SeeInvis +   I - +4 battleaxe
rCold    . . .     Faith    .   (shield currently unavailable)
rNeg     . . .     Spirit   +   c - +0 ring mail
rPois    +         Reflect  .   (helmet restricted)
rElec    .         Harm     .   m - +0 cloak
rCorr    .         Rampage  .   (no gloves)
Will     .....                  B - +2 pair of boots
Stlth    ..........             K - brooch of Shielding {Spirit SH+8}
HPRegen  0.34/turn              L - ring of see invisible
MPRegen  0.11/turn              w - ring of poison resistance

@: berserking (expiring), lethally poisoned (0 -> -13), very quick
A: horns 2, retaliatory headbutt
a: Renounce Religion, Berserk, Trog's Hand, Brothers in Arms


You were on level 1 of the Lair of Beasts.
You worshipped Trog.
Trog was greatly pleased with you.
You visited 2 branches of the dungeon, and saw 10 of its levels.

You collected 593 gold pieces.

Inventory:

Hand Weapons
 a - a +0 hand axe
 d - a +2 whip of draining
 k - a +0 broad axe
 s - a +0 morningstar
 I - a +4 battleaxe (weapon)
Missiles
 r - a throwing net (quivered)
 y - 3 curare-tipped darts
Armour
 b - a +0 animal skin
 c - a +0 ring mail (worn)
 m - a +0 cloak (worn)
 B - a +2 pair of boots (worn)
Jewellery
 h - an amulet of the acrobat
 n - a +6 ring of intelligence
 w - a ring of poison resistance (right hand)
 K - the brooch of Shielding (around neck) {Spirit SH+8}
   (You took it off a centaur on level 9 of the Dungeon)

   [amulet of guardian spirit]

   It causes incoming damage to be divided between your reserves of health and
   magic.
   SH:        It affects your SH (+8).
 L - a ring of see invisible (left hand)
Wands
 x - a wand of mindburst (16)
 D - a wand of flame (33)
 E - a wand of iceblast (17)
Scrolls
 g - a scroll of vulnerability {unknown}
 j - 3 scrolls of teleportation
 o - 2 scrolls of noise {unknown}
 p - 2 scrolls of fog
 v - a scroll of holy word
 z - a scroll of magic mapping
 H - 2 scrolls of amnesia {unknown}
Potions
 e - 4 potions of lignification
 f - a potion of berserk rage {unknown}
 i - a potion of degeneration {unknown}
 l - 2 potions of curing
 q - 5 potions of might
 t - a potion of ambrosia
 A - a potion of heal wounds
 C - 2 potions of magic
 F - a potion of resistance
 G - a potion of mutation
 J - a potion of flight {unknown}
Miscellaneous
 u - a phantom mirror


   Skills:
 + Level 11.2 Fighting
 * Level 14.8 Axes
 - Level 2.4 Armour
 - Level 2.1 Dodging


You had 9 spell levels left.
You didn't know any spells.
Your spell library was empty.

Dungeon Overview and Level Annotations

Branches:
Dungeon (9/15)             Temple (0/1) D:4            Lair (1/6) D:9
    Orc: D:9-12

Altars:
Dithmenos
Gozag
Qazlal
Vehumet
Yredelemnul
Zin

Shops:
D:7 :

Annotations:
D:3 2 transporters, scsoc's ghost, amateur GrEE
D:6 exclusion: door
D:7 1 runed translucent door, Crazy Yiuf
D:8 1 runed translucent door
Lair:1 2 transporters


Innate Abilities, Weirdness & Mutations

You have a pair of horns on your head.
You reflexively headbutt those who attack you in melee.


Message History

* * * LOW HITPOINT WARNING * * *
A yak comes into view.
Your limbs are stiffening.
The cane toad stings you!!
* * * LOW HITPOINT WARNING * * *
The cane toad stings you.
* * * LOW HITPOINT WARNING * * *
You are lethally poisoned!
The cane toad poisons you!
You slice the cane toad!!
You feel the power of Trog in you as your rage grows.
You kill the cane toad!
Trog accepts your kill.
* * * LOW HITPOINT WARNING * * *
You feel very sick.
You have turned to stone.
A yak comes into view.
The komodo dragon bites you!
* * * LOW HITPOINT WARNING * * *
The komodo dragon bites you.
* * * LOW HITPOINT WARNING * * *
The komodo dragon bites you but does no damage.
The yak gores you but does no damage. The komodo dragon bites you.
* * * LOW HITPOINT WARNING * * *
The yak gores you.
* * * LOW HITPOINT WARNING * * *
The komodo dragon completely misses you.
The yak gores you.
You turn to flesh and can move again.
Unknown command.
You are too berserk!
Okay, then.
* * * LOW HITPOINT WARNING * * *
You feel very sick.
You feel a strong urge to attack something.
* * * LOW HITPOINT WARNING * * *
You feel very sick.
You are too berserk!
You die...

########. .## ..........
.... ..........# +..P.
.........# ...+
#+###.#......#....#^
..#.....#......#......
....#...................
..........#.....@#....#?
....#.....#...l..#..... ..
....#.....+..<.Y.#....#....
....#.#P.P#....Y..#.#.#....
..............†............
...........................
......................$....
.......#########...........
.......##w#♣#w##...........


You could see a komodo dragon and 2 yaks.

Vanquished Creatures
  Pikel (D:5)
  A cane toad (Lair:1)
  2 trolls (D:9)
  A basilisk (Lair:1)
  A water moccasin (D:7)
  6 orc warriors
  3 sky beasts
  2 ice beasts
  2 ogres
  2 centaurs
  A necrophage (D:4)
  2 wolves (D:9)
  3 kobold brigands
  4 bullfrogs
  A gnoll sergeant (D:9)
  2 scorpions
  2 wyvern skeletons
  10 killer bees
  3 electric eels (D:9)
  A centaur zombie (D:7)
  4 jellies (D:6)
  A bullfrog zombie (D:6)
  A centaur skeleton (D:7)
  2 gnoll shamans
  7 orc priests
  8 hounds
  A bullfrog skeleton (D:5)
  7 orc wizards
  A killer bee zombie (D:9)
  15 gnolls
  4 adders
  A shadow imp (D:7)
  A white imp (D:5)
  An adder skeleton (D:4)
  A dart slug (D:5)
  26 orcs
  6 ball pythons
  6 bats
  6 endoplasms
  5 giant cockroaches
  12 goblins
  8 hobgoblins
  3 jackals
  12 kobolds
  3 quokkas
  A frilled lizard (D:1)
  A goblin skeleton (D:8)
  6 rats
200 creatures vanquished.

Vanquished Creatures (others)
  4 fungi (D:6)
  8 toadstools (D:6)
12 creatures vanquished.

Grand Total: 212 creatures vanquished

Notes
Turn   | Place    | Note
-------+----------+-------------------------------------------
     0 | D:1      | jjjjhere the Minotaur Berserker began the quest for the
                  | Orb.
     0 | D:1      | Reached XP level 1. HP: 19/19 MP: 0/0
     3 | D:1      | Noticed an electric eel
     4 | D:1      | Noticed an electric eel
    90 | D:1      | Reached skill level 4 in Axes
   116 | D:1      | Reached XP level 2. HP: 27/27 MP: 1/1
   801 | D:1      | Found a faded altar of an unknown god.
  1137 | D:2      | Reached XP level 3. HP: 33/33 MP: 2/2
  1188 | D:2      | Reached ** piety under Trog
  1297 | D:2      | Noticed an ogre
  1299 | D:2      | Killed an ogre
  1300 | D:2      | Reached skill level 5 in Axes
  1300 | D:2      | Reached XP level 4. HP: 41/41 MP: 3/3
  1399 | D:2      | Reached skill level 6 in Axes
  1584 | D:3      | Found a transporter.
  1584 | D:3      | Noticed scsoc's ghost (amateur GrEE)
  1586 | D:3      | Found a transporter.
  1612 | D:3      | Found a shadowy altar of Dithmenos.
  1622 | D:3      | Reached skill level 5 in Fighting
  1622 | D:3      | Reached XP level 5. HP: 28/48 MP: 4/4
  1883 | D:3      | Found a glowing silver altar of Zin.
  1883 | D:3      | Found an opulent altar of Gozag.
  2916 | D:4      | Reached skill level 7 in Axes
  2916 | D:4      | Reached XP level 6. HP: 56/56 MP: 5/5
  3125 | D:4      | Found a staircase to the Ecumenical Temple.
  3737 | D:5      | Entered Level 5 of the Dungeon
  3764 | D:5      | Reached skill level 8 in Axes
  3767 | D:5      | Reached *** piety under Trog
  3768 | D:5      | Reached XP level 7. HP: 63/63 MP: 6/6
  4036 | D:5      | Reached skill level 9 in Axes
  4529 | D:5      | Noticed Pikel
  4542 | D:5      | Killed Pikel
  4543 | D:5      | Reached skill level 10 in Axes
  4543 | D:5      | Reached XP level 8. HP: 74/74 MP: 7/7
  4982 | D:5      | Reached skill level 11 in Axes
  5234 | D:6      | Noticed a slime creature
  5234 | D:6      | Noticed a slime creature
  5657 | D:6      | Reached XP level 9. HP: 72/82 MP: 8/8
  6044 | D:7      | Reached skill level 12 in Axes
  6072 | D:7      | Found Meiw's Book Boutique.
  6156 | D:7      | Found a radiant altar of Vehumet.
  6273 | D:7      | Reached **** piety under Trog
  6473 | D:7      | Found a runed translucent door.
  6474 | D:7      | Noticed Crazy Yiuf
  6754 | D:7      | Found a stormy altar of Qazlal.
  7326 | D:7      | Reached skill level 13 in Axes
  7535 | D:8      | Found a runed translucent door.
  7541 | D:8      | Reached skill level 10 in Fighting
  7571 | D:8      | Found a basalt altar of Yredelemnul.
  8505 | D:9      | Noticed a troll
  8511 | D:9      | Killed a troll
  8512 | D:9      | Reached XP level 10. HP: 94/94 MP: 9/9
  8573 | D:9      | Reached skill level 14 in Axes
  8836 | D:8      | Reached ***** piety under Trog
  8896 | D:9      | Found a staircase to the Lair.
  9751 | Lair:1   | Entered Level 1 of the Lair of Beasts
  9759 | Lair:1   | Found a transporter.
  9787 | Lair:1   | Found a transporter.
  9800 | Lair:1   | Noticed a cane toad
  9810 | Lair:1   | HP: 30/95 [cane toad (4)]
  9815 | Lair:1   | HP: 27/142 [cane toad (5)]
  9817 | Lair:1   | Killed a cane toad
  9817 | Lair:1   | HP: 13/142 [poisoned by a cane toad]
  9823 | Lair:1   | HP: 9/144 [komodo dragon (1)]
  9826 | Lair:1   | HP: 3/144 [poisoned by a cane toad]
  9827 | Lair:1   | Succumbed to a cane toad's poison

Illustrated notes

Levels and vault maps discovered:
D:1:      arrival_aquarium_b, layout_basic, hellmonk_ecumenical_altar_run_dry
D:2:      layout_basic
D:3:      minmay_recursive_quarters, layout_basic, old_standard_altar,
          grunt_temple_overflow_gold_and_silver, gammafunk_ghost_mausoleum
D:4:      layout_loops_ring, minmay_temple_entry_large_hall,
          amcnicky_mini_corridor_feature, minmay_unequal
D:5:      layout_basic, serial_bayou_pond_d, uniq_pikel
D:6:      cheibrodos_fertilizer, layout_rooms, serial_park_tiny_2
D:7:      layout_cave_pools, vehumet_altar_wand_db, lemuel_round_altar,
          serial_shops, nicolae_shop_trees, uniq_crazy_yiuf_cottage
D:8:      layout_basic, dk_yredelemnul_ordeal
D:9:      layout_roguey, erik_lair_island
Lair:1:   gammafunk_worm_tunnel, layout_regular_city, minivault_23,
          chequers_serial_rivers_large_b, chequers_serial_rivers_micro_c

Skill      XL: |  1  2  3  4  5  6  7  8  9 10 |
---------------+-------------------------------+-----
Axes           | 4 5 6 7 8 10 11 13 14 | 14.8
Fighting       | 4 5 6 8 10 11 | 11.2
Armour         | |  2.4
Dodging        | |  2.1

Action                   |  1- 3 |  4- 6 |  7- 9 | 10-12 || total
-------------------------+-------+-------+-------+-------++-------
Melee: Whip              |    40 |   108 |   217 |       ||   365
       Hand axe          |     2 |       |       |       ||     2
       Headbutt          |     4 |    20 |    74 |     7 ||   105
       Battleaxe         |       |       |    46 |    65 ||   111
Invok: Berserk           |     1 |     3 |     6 |     1 ||    11
       Trog's Hand       |       |     1 |       |       ||     1
  Use: Scroll            |       |     8 |     6 |       ||    14
Armor: Ring mail         |     6 |    23 |    76 |    32 ||   137
Dodge: Dodged            |    33 |    80 |   143 |    49 ||   305
Block: Other             |       |       |       |    14 ||    14
